 Dungeon Crawl Stone Soup version 0.26-a0-651-gb41185065b (webtiles) character file.

Game seed: 5097872975205105549

539 gameguard the Skirmisher (level 7, -3/59 HPs)
             Began as a Demonspawn Wanderer on Sept 30, 2020.
             Slain by Grinder (5 damage)
             ... on level 4 of the Dungeon.
             The game lasted 00:13:43 (3959 turns).

gameguard the Skirmisher (Demonspawn Wanderer)      Turns: 3959, Time: 00:13:44

Health: -3/59      AC: 17    Str: 15    XL:     7   Next: 5%
Magic:  7/7        EV: 10    Int: 15    God:
Gold:   247        SH:  0    Dex: 10    Spells: 6/6 levels left

rFire    + . .     SeeInvis .   a - +2 mace
rCold    . . .     Faith    .   (no shield)
rNeg     . . .     Spirit   .   t - +0 ring mail
rPois    .         Reflect  .   (helmet restricted)
rElec    .         Harm     .   h - +2 cloak
rCorr    .         Rampage  .   (no gloves)
MR       .....                  (no boots)
Stlth    +.........             (no amulet)
HPRegen  0.19/turn              j - ring of protection from fire
MPRegen  0.10/turn              (no ring)

@: mighty, sanguine armour, stab
A: antennae 1, rot immunity, sanguine armour 2
a: no special abilities


You were on level 4 of the Dungeon.
You visited 1 branch of the dungeon, and saw 4 of its levels.

You collected 247 gold pieces.

Inventory:

Hand Weapons
 a - a +2 mace (weapon)
 b - a +0 hand crossbow
 f - a +0 dagger
Missiles
 c - 26 bolts
 o - 5 poisoned darts (quivered)
Armour
 h - a +2 cloak (worn)
 l - a +0 tower shield
 t - a +0 ring mail (worn)
Jewellery
 j - a ring of protection from fire (left hand)
Scrolls
 i - a scroll of remove curse
 q - a scroll of amnesia
Potions
 k - 2 potions of brilliance
 m - a potion of cancellation


   Skills:
 + Level 6.5 Fighting
 - Level 4.0 Maces & Flails
 + Level 3.7 Crossbows
 - Level 1.7 Stealth
 - Level 1.0 Shields


You had 6 spell levels left.
You didn't know any spells.
Your spell library was empty.

Dungeon Overview and Level Annotations

Branches:
Dungeon (4/15)
 Temple: D:4-7

Altars:

Annotations:
D:3 1 runed translucent door, Crazy Yiuf
D:4 Grinder


Innate Abilities, Weirdness & Mutations

You have a pair of small antennae on your head.
You are immune to rotting.
When seriously injured, your bleeding wounds create thick armour. (AC +9)


Message History

You suddenly lose the ability to move!
Grinder gestures at you. Pain shoots through your body!
* * * LOW HITPOINT WARNING * * *
Grinder gestures at you.
You struggle to resist.
You can move again.
There is an open door here.
You close the door.
It was a potion of stabbing.
You feel ready to backstab.
Okay, then.
Okay, then.
Unknown command.
Grinder opens the door.
Grinder says, "Make like a tree!"
Grinder hits you.
* * * LOW HITPOINT WARNING * * *
You writhe in agony.
You die...

#........)..#.......
#..##########.......
#..# { { { #.......
#..# ##....... #..#
#........ ####
#........ { #........
#####+# #........
#.@...#{ #........
#5############'####
###.###.......#.....#
#......#......'.....#
#...[..+......#.....#
#......#####.#####+##
#......# #+# #......+
#......#


You could see Grinder.

Vanquished Creatures
  An elf skeleton (D:4)
  2 scorpions (D:4)
  2 orc wizards
  A hound (D:4)
  An orc priest (D:3)
  Jessica (D:2)
  Terence (D:3)
  A hound zombie (D:3)
  2 gnolls (D:4)
  7 adders
  A howler monkey skeleton (D:4)
  2 worms
  4 dart slugs
  4 leopard geckos
  11 orcs
  7 bats
  5 giant cockroaches
  14 hobgoblins
  3 jackals (D:3)
  A quokka (D:3)
  3 frilled lizards
  4 goblins
  10 kobolds
  4 rats
92 creatures vanquished.

Notes
Turn   | Place    | Note
-------+----------+-------------------------------------------
     0 | D:1      | gameguard the Demonspawn Wanderer began the quest for the
                  | Orb.
     0 | D:1      | gameguard set off with the following items: a +2 mace, a +0
                  | hand crossbow, 28 bolts, a potion of curing, a +0 robe, a
                  | +0 dagger
     0 | D:1      | Reached XP level 1. HP: 19/19 MP: 1/1
   259 | D:1      | Gained mutation: When seriously injured, your bleeding
                  | wounds create armour. (AC +9) [demonic ancestry]
   259 | D:1      | Reached XP level 2. HP: 25/25 MP: 2/2
   740 | D:1      | Gained mutation: You have a pair of small antennae on your
                  | head. [demonic ancestry]
   740 | D:1      | Reached XP level 3. HP: 29/31 MP: 3/3
   928 | D:2      | Noticed Jessica
   930 | D:2      | Killed Jessica
   982 | D:2      | Gained mutation: You are immune to rotting. [demonic
                  | ancestry]
   982 | D:2      | Reached XP level 4. HP: 35/38 MP: 4/4
  1170 | D:2      | Reached skill level 5 in Fighting
  1798 | D:3      | Reached skill level 1 in Crossbows
  1841 | D:3      | Reached XP level 5. HP: 26/44 MP: 5/5
  2735 | D:3      | Noticed Terence
  3165 | D:3      | Killed Terence
  3165 | D:3      | Gained mutation: When seriously injured, your bleeding
                  | wounds create thick armour. (AC +9) [demonic ancestry]
  3165 | D:3      | Reached XP level 6. HP: 34/52 MP: 6/6
  3380 | D:3      | Found a runed translucent door.
  3381 | D:3      | Noticed Crazy Yiuf
  3712 | D:4      | Reached skill level 6 in Fighting
  3931 | D:4      | Noticed Grinder
  3943 | D:4      | Paralysed by Grinder for 2 turns
  3950 | D:4      | Reached XP level 7. HP: 15/59 MP: 7/7
  3950 | D:4      | Paralysed by Grinder for 3 turns
  3959 | D:4      | HP: 2/59 [Grinder (5)]
  3959 | D:4      | Slain by Grinder

Illustrated notes

Levels and vault maps discovered:
D:1:      lemuel_arrival_muddy, layout_basic
D:2:      kennysheep_big_flooded_room, layout_rooms, uniq_jessica
D:3:      layout_basic, uniq_terence, uniq_crazy_yiuf_cottage
D:4:      layout_gridville, nicolae_ossuary_entry_catacombs,
          minmay_misc_feat_enclosed, uniq_grinder, uniq_ijyb, uniq_blork_the_orc

Skill      XL: |  1  2  3  4  5  6 |
---------------+-------------------+-----
Maces & Flails | 3 4 |  4.0
Fighting       | 5 6 |  6.5
Crossbows      | 1 2 3 |  3.7
Stealth        | |  1.7
Shields        | |  1.0

Action                   |  1- 3 |  4- 6 |  7- 9 || total
-------------------------+-------+-------+-------++-------
Melee: Mace              |    44 |   200 |       ||   244
 Fire: Hand crossbow     |    15 |    59 |       ||    74
Throw: Dart              |       |     1 |       ||     1
  Use: Scroll            |       |    13 |       ||    13
       Potion            |       |     5 |     1 ||     6
 Stab: Sleeping          |     1 |       |       ||     1
Armor: Robe              |    17 |    16 |       ||    33
       Ring mail         |       |    94 |       ||    94
Dodge: Dodged            |    38 |   159 |       ||   197

Table legend: (Time is in decaauts)
 A = Elapsed time spent in this place.
 B = Non-inter-level travel time spent in this place.
 C = Inter-level travel time spent in this place.
 D = Time resting spent in this place.
 E = Time spent auto-exploring this place.
 F = Levels seen in this place.
 G = Mean time per level.
                   A        B        C        D        E       F      G
               +--------+--------+--------+--------+--------+-----+--------+
         Total |   4020 |   3942 |     78 |    799 |   1540 |   4 | 1005.0 |
       Dungeon |   4020 |   3942 |     78 |    799 |   1540 |   4 | 1005.0 |
               +--------+--------+--------+--------+--------+-----+--------+

Top non-repeatable levels by time:
     D:3: 1363 daAuts
     D:2: 1267 daAuts
     D:1: 1003 daAuts
     D:4: 386 daAuts
